 Dungeon Crawl Stone Soup version 0.15.0-11-g6f4f891 (webtiles) character file.

261 Bubba the Ducker (level 5, -1/25 HPs)
             Began as a Felid Berserker on Aug 31, 2014.
             Was a Priest of Trog.
             Slain by an iguana (11 damage)
             ... on Level 4 of the Dungeon.
             The game lasted 00:12:48 (3752 turns).

Bubba the Ducker (Felid Berserker)                  Turns: 3752, Time: 00:12:49

HP  -1/25        AC  1     Str 13      XL: 5   Next: 96%
MP   8/8         EV 22     Int  8      God: Trog [***...]
Gold 133         SH  0     Dex 17      Spells:  0 memorised,  4 levels left
Lives: 0, deaths: 1

rFire  . . .     SeeInvis +       - Unarmed
rCold  . . .     Clarity  .     (armour unavailable)
rNeg   . . .     rCorr    .     (shield unavailable)
rPois  .         rRot     .     (helmet unavailable)
rElec  .         Spirit   .     (cloak unavailable)
SustAb .         Warding  .     (gloves unavailable)
rMut   .         Stasis   .     (boots unavailable)
Gourm  .                        (no amulet)
MR     .....                    (no ring)
                                (no ring)

@: quick, not resistant to hostile enchantments, fairly stealthy
A: paw claws, no armour, no weapons or thrown items, fangs 3, see invisible,
carnivore 3, speed 1, shaggy fur 1, slow metabolism 1, jump 1
a: Jump Attack, Burn Spellbooks, Berserk, Trog's Hand, Renounce Religion


You were on level 4 of the Dungeon.
You worshipped Trog.
Trog was most pleased with you.
You were not hungry.

You visited 1 branch of the dungeon, and saw 4 of its levels.

You collected 133 gold pieces.

Inventory:

Missiles
 g - 26 stones
Comestibles
 c - 3 meat rations
Scrolls
 a - 3 scrolls of teleportation {unknown}
 b - 2 scrolls of remove curse
 d - a scroll of fog {unknown}
 e - a scroll of amnesia {unknown}
 h - a scroll of enchant weapon {unknown}
Jewellery
 k - an uncursed ring of poison resistance
Potions
 f - a potion of mutation {unknown}
 i - 2 potions of heal wounds {unknown}


   Skills:
 + Level 4.4 Fighting
 + Level 6.4 Dodging
 + Level 2.3 Stealth
 + Level 4.6 Unarmed Combat


You had 4 spell levels left.
You didn't know any spells.

Dungeon Overview and Level Annotations

Branches:
Dungeon (4/15)             Temple (0/1) D:4

Altars:
Fedhas
Nemelex Xobeh
Trog
Zin


Innate Abilities, Weirdness & Mutations

You cannot wear armour.
You are incapable of wielding weapons or throwing items.
Your paws have sharp claws.
You have razor-sharp teeth.
You have supernaturally acute eyesight.
You are carnivorous and can eat meat at any time.
You cover ground quickly.
You are covered in fur (AC +1).
You have a slow metabolism.
You can jump attack at a short distance.


Message History

You must enter the number of times for the command to repeat.
Things that are here:
a flail; a leather armour An iguana comes into view.
The iguana hisses angrily.
The iguana completely misses you.
You scratch the iguana.
The iguana begins to bleed from its wounds!
The iguana is moderately wounded.
The iguana closely misses you.
You barely miss the iguana. You claw the iguana, but do no damage.
The iguana is moderately wounded.
The iguana bites you!
You barely miss the iguana. Your bite misses the iguana.
The iguana is heavily wounded.
The iguana completely misses you.
You claw the iguana!
The iguana is severely wounded.
The iguana bites you!
You die...

#...##...###....
##..###...#
....... #...#
#...# ......#
##..## ##.##
#.....# #...# #.#
#....# #..## #.###
#....# ..##
##)..###...# ...##
##......#l..#
.....##..###....@#
####....## ###...#
###### ####.# ##


You could see an iguana (bleeding).

Vanquished Creatures
  An ogre (D:4)
  Sigmund (D:3)
  A hound (D:4)
  An orc priest (D:4)
  Terence (D:3)
  A hound skeleton (D:4)
  2 adders
  2 worms
  3 giant geckos
  4 orcs (D:4)
  A ball python (D:3)
  5 bats
  11 goblins
  7 hobgoblins
  7 kobolds
  A quokka (D:3)
  A giant cockroach (D:1)
  6 giant newts
  8 rats
  A plant (D:3)
65 creatures vanquished.

Vanquished Creatures (others)
  A bush (D:3)
1 creature vanquished.

Grand Total: 66 creatures vanquished

Notes
Turn   | Place    | Note
--------------------------------------------------------------
     0 | D:1      | Bubba, the Felid Berserker, began the quest for the Orb.
     0 | D:1      | Reached XP level 1. HP: 10/10 MP: 2/2
     6 | D:1      | Noticed a salamander
     6 | D:1      | Noticed a wyvern
     6 | D:1      | Noticed a redback
     6 | D:1      | Noticed a hound
   300 | D:1      | Reached XP level 2. HP: 4/14 MP: 3/3
  1472 | D:2      | Reached XP level 3. HP: 17/17 MP: 5/5
  1619 | D:2      | Found a glowing silver altar of Zin.
  1908 | D:2      | Found a blossoming altar of Fedhas.
  2138 | D:2      | Acquired Trog's second power
  2354 | D:3      | Found a sparkling altar of Nemelex Xobeh.
  2354 | D:3      | Found a bloodstained altar of Trog.
  2425 | D:3      | Noticed Sigmund
  2433 | D:3      | Killed Sigmund
  2433 | D:3      | Reached skill level 5 in Dodging
  2433 | D:3      | Reached skill level 1 in Stealth
  2433 | D:3      | Reached XP level 4. HP: 14/22 MP: 7/7
  2717 | D:3      | Noticed Terence
  2732 | D:3      | Killed Terence
  2732 | D:3      | Reached XP level 5. HP: 25/25 MP: 8/8
  3169 | D:3      | Slain by an adder
  3170 | D:3      | Reached XP level 4. HP: -1/22 MP: 7/7
  3405 | D:4      | Found a staircase to the Ecumenical Temple.
  3519 | D:4      | Noticed an ogre
  3522 | D:4      | Killed an ogre
  3522 | D:4      | Reached skill level 6 in Dodging
  3522 | D:4      | Reached XP level 5. HP: 25/25 MP: 8/8
  3752 | D:4      | Slain by an iguana

Action                   |  1- 3 |  4- 6 || total
-------------------------+-------+-------++-------
Melee: Unarmed           |   102 |   208 ||   310
Invok: Berserk           |     5 |     5 ||    10
 Abil: Jump Attack       |     1 |       ||     1
  Use: Potion            |       |     4 ||     4
       Scroll            |       |     1 ||     1
 Stab: Sleeping          |     2 |     2 ||     4
  Eat: Chunk             |     5 |     8 ||    13
       Royal jelly       |     1 |       ||     1
